Map: Invader LE

Players

MindelVK

  • Race: Protoss Protoss
  • League: Master

oliM - Winner!

  • Race: Protoss Protoss
  • League: Grandmaster

VOD

Have the link to the VOD?

Description

Time

  • Played on: May 14, 2016, 1:47 a.m.
  • Length: 13:44
Show
View Real Time Build Order
Export as new Build Order

MindelVK Protoss 

Build Orders: Oracle Opening 

Get SALT Encoding   

  12  0:01  Probe (Chrono Boost)  
  13  0:11  Probe (Chrono Boost)  
  14  0:20  Pylon  
  14  0:22  Probe (Chrono Boost)  
  15  0:38  Gateway, Probe (Chrono Boost)  
  16  0:44  Assimilator  
  16  0:49  Probe (Chrono Boost)  
  17  0:57  Assimilator  
  17  0:59  Probe (Chrono Boost)  
  18  1:09  Gateway  
  18  1:10  Probe (Chrono Boost)  
  19  1:20  Probe (Chrono Boost)  
  20  1:26  Cybernetics Core  
  20  1:31  Probe (Chrono Boost)  
  21  1:41  Probe (Chrono Boost)  
  21  1:43  Pylon  
  22  1:52  Probe (Chrono Boost)  
  23  2:03  Stalker (Chrono Boost)  
  23  2:04  Stalker (Chrono Boost)  
  23  2:06  Warp Gate (Chrono Boost)  
  27  2:18  Stargate  
  27  2:31  Stalker  
  27  2:35  Stalker  
  31  2:40  Pylon  
  31  3:00  Gateway  
  31  3:15  Oracle (Chrono Boost)  
  34  3:33  Probe  
  33  3:38  Gateway  
  33  3:45  Probe  
  33  3:47  Oracle (Chrono Boost)  
  37  3:48  Pylon  
  37  4:00  Stalker  
  39  4:05  Pylon  
  39  4:11  Stalker x2  
  43  4:24  Stalker  
  45  4:37  Adept x2  
  46  5:07  Robotics Facility  
  42  5:09  Stalker x2  
  42  5:10  Adept  
  44  5:32  Probe  
  45  5:44  Probe  
  46  5:57  Probe  
  47  6:00  Observer (Chrono Boost)  
  47  6:01  Oracle  
  51  6:09  Mothership Core  
  52  6:19  Zealot  
  54  6:34  Nexus, Observer (Chrono Boost)  
  54  6:43  Pylon  
  49  7:01  Probe  
  49  7:03  Pylon  
  49  7:05  Pylon  
  49  7:07  Pylon  
  50  7:13  Probe  
  48  7:35  Immortal (Chrono Boost)  
  48  7:36  Probe  
  53  7:37  Stalker x2  
  53  7:41  Pylon  
  57  7:47  Probe  
  57  7:48  Probe  
  59  7:58  Probe  
  53  8:00  Probe  
  49  8:06  Stalker x2  
  49  8:12  Probe  
  43  8:15  Adept  
  43  8:18  Probe  
  43  8:37  Immortal (Chrono Boost)  
  43  8:38  Adept x2  
  43  8:39  Probe  
  43  8:41  Probe  
  53  8:51  Pylon  
  53  8:55  Probe  
  53  8:56  Probe  
  55  9:06  Probe  
  55  9:09  Probe  
  56  9:11  Observer (Chrono Boost), Oracle  
  56  9:16  Probe  
  60  9:19  Assimilator  
  57  9:32  Immortal (Chrono Boost)  
  57  9:35  Forge  
  61  9:38  Probe  
  61  9:39  Probe  
  63  9:51  Stalker, Probe  
  66  9:58  Probe  
  67  10:04  Protoss Ground Weapons Level 1 (Chrono Boost)  
  67  10:07  Twilight Council  
  67  10:14  Probe  
  67  10:16  Probe  
  69  10:34  Immortal, Probe  
  70  10:35  Probe  
  70  10:36  Zealot  
  74  10:52  Charge (Chrono Boost)  
  74  10:53  Nexus  
  74  11:04  Pylon, Zealot  
  74  11:07  Zealot  
  78  11:16  Photon Cannon  
  78  11:19  Zealot  
  78  11:21  Probe x2  
  82  11:29  Immortal  
  85  11:46  Zealot x2  
  85  11:47  Zealot  
  91  12:01  Pylon  
  91  12:03  Pylon, Probe  
  91  12:04  Probe x2  
  94  12:16  Probe x2  
  94  12:18  Templar Archives  
  94  12:20  Zealot  
  94  12:21  Probe  
  98  12:28  Probe  
  98  12:29  Probe  
  101  12:32  Probe  
  101  12:35  Zealot x2  
  106  12:40  Probe  
  106  12:41  Probe  
  106  12:42  Assimilator  
  108  12:47  Immortal (Chrono Boost)  
  110  13:00  High Templar x2, Zealot  
  110  13:04  Archon  
  116  13:09  Probe x2  
  94  13:32  Zealot  
  94  13:33  Zealot x2  
Show
View Real Time Build Order
Export as new Build Order

oliM Protoss - Winner!

Build Orders:  

Get SALT Encoding   

  12  0:01  Probe (Chrono Boost)  
  13  0:11  Probe (Chrono Boost)  
  14  0:19  Pylon  
  14  0:22  Probe (Chrono Boost)  
  15  0:37  Probe (Chrono Boost)  
  15  0:39  Gateway  
  16  0:48  Probe (Chrono Boost)  
  16  0:49  Assimilator  
  17  0:54  Assimilator  
  17  0:58  Probe (Chrono Boost)  
  18  1:09  Gateway, Probe (Chrono Boost)  
  19  1:20  Probe (Chrono Boost)  
  20  1:27  Cybernetics Core  
  20  1:30  Probe (Chrono Boost)  
  21  1:37  Pylon  
  21  1:41  Probe (Chrono Boost)  
  22  1:51  Probe (Chrono Boost)  
  23  2:04  Adept (Chrono Boost)  
  23  2:05  Adept (Chrono Boost), Warp Gate (Chrono Boost)  
  27  2:16  Pylon  
  27  2:17  Mothership Core  
  29  2:34  Stalker (Chrono Boost)  
  29  2:35  Stalker (Chrono Boost)  
  33  3:00  Nexus  
  33  3:06  Sentry  
  33  3:07  Sentry  
  33  3:10  Probe  
  38  3:18  Pylon  
  36  3:39  Twilight Council  
  36  3:46  Gateway  
  34  3:51  Probe (Chrono Boost)  
  35  4:01  Stalker  
  35  4:02  Stalker, Probe (Chrono Boost)  
  40  4:05  Pylon  
  40  4:22  Dark Shrine  
  40  4:24  Pylon  
  40  4:32  Blink (Chrono Boost)  
  40  4:44  Pylon  
  40  4:49  Sentry  
  40  4:51  Zealot  
  40  4:52  Zealot  
  39  5:11  Probe  
  39  5:13  Pylon  
  40  5:15  Stalker  
  40  5:17  Stalker  
  44  5:34  Dark Templar  
  46  5:43  Dark Templar  
  46  5:49  Nexus  
  46  5:58  Dark Templar  
  46  6:03  Pylon  
  47  6:13  Probe (Chrono Boost)  
  48  6:25  Robotics Facility  
  48  6:30  Probe (Chrono Boost)  
  49  6:40  Probe (Chrono Boost)  
  50  6:51  Probe (Chrono Boost)  
  51  7:00  Stalker x3  
  54  7:01  Probe (Chrono Boost)  
  54  7:04  Probe (Chrono Boost)  
  55  7:12  Probe (Chrono Boost)  
  55  7:15  Probe (Chrono Boost)  
  57  7:18  Observer  
  57  7:22  Probe (Chrono Boost)  
  58  7:26  Probe (Chrono Boost)  
  58  7:29  Forge  
  59  7:31  Stalker  
  59  7:32  Stalker  
  59  7:33  Probe (Chrono Boost)  
  64  7:37  Pylon  
  64  7:40  Probe (Chrono Boost)  
  65  7:44  Stalker  
  65  7:46  Probe (Chrono Boost)  
  68  8:03  Stalker x2  
  67  8:12  Stalker, Probe (Chrono Boost)  
  69  8:18  Probe (Chrono Boost)  
  70  8:20  Gateway  
  63  8:34  Probe (Chrono Boost)  
  63  8:35  Probe (Chrono Boost)  
  63  8:37  Assimilator  
  63  8:40  Assimilator  
  64  8:44  Probe (Chrono Boost)  
  64  8:48  Dark Templar  
  67  8:51  Nexus  
  67  8:54  Immortal (Chrono Boost)  
  71  9:00  Pylon  
  71  9:01  Probe (Chrono Boost)  
  72  9:07  Probe (Chrono Boost)  
  73  9:15  Probe  
  73  9:16  Robotics Bay  
  74  9:17  Probe  
  75  9:27  Probe x2  
  75  9:33  Gateway  
  75  9:35  Photon Cannon  
  75  9:39  Probe  
  80  9:45  Immortal (Chrono Boost)  
  80  9:55  Photon Cannon  
  80  9:57  Probe  
  79  10:05  Dark Templar  
  81  10:08  Dark Templar  
  81  10:12  Archon  
  83  10:15  Probe  
  83  10:19  Stalker, Probe, Disruptor (Chrono Boost)  
  89  10:26  Probe  
  86  10:34  Probe  
  86  10:35  Stalker  
  86  10:36  Stalker  
  86  10:37  Probe x2  
  86  10:41  Zealot  
  94  10:47  Probe  
  95  10:50  Disruptor (Chrono Boost)  
  95  10:54  Pylon, Probe  
  99  10:58  Dark Templar  
  99  11:01  Probe  
  100  11:04  Dark Templar  
  100  11:05  Dark Templar  
  100  11:07  Probe  
  100  11:10  Archon  
  105  11:13  Probe  
  105  11:15  Photon Cannon  
  105  11:17  Stalker  
  108  11:19  Probe  
  108  11:23  Probe  
  108  11:24  Disruptor (Chrono Boost)  
  113  11:38  Probe  
  114  11:44  Stalker  
  114  11:46  Pylon  
  116  11:48  Pylon  
  116  11:50  Assimilator  
  116  11:54  Probe  
  116  11:55  Assimilator  
  116  11:57  Robotics Facility  
  116  11:58  Probe  
  116  12:00  Pylon  
  116  12:04  Disruptor (Chrono Boost)  
  116  12:06  Gateway  
  119  12:08  Pylon  
  119  12:11  Pylon  
  119  12:14  Dark Templar x2  
  123  12:16  Probe x2  
  123  12:19  Stalker, Archon  
  123  12:20  Stalker  
  129  12:26  Stalker  
  131  12:32  Probe  
  132  12:39  Disruptor (Chrono Boost)  
  135  12:47  Stalker x3  
  135  12:48  Stalker  
  143  12:56  Probe  
  144  12:59  Gateway  
  144  13:00  Gateway, Pylon  
  144  13:03  Disruptor (Chrono Boost)  
  145  13:09  Pylon  
  145  13:22  Stalker x4  
  145  13:23  Dark Templar  
  149  13:31  Dark Templar  
Tags
 
Add a new tag
Caveats
  • Supply blocks, unpowered buildings, or Contaminate may cause inaccurate times.
  • Supply counts are checked every 10 seconds.